[Event "*** SCC Grand Prix: Titled Tuesday Blitz"]
[Site "Chess.com"]
[Date "2020.09.08"]
[Round "2"]
[White "ExtremeLearner"]
[Black "ErikRonka"]
[Result "0-1"]
[WhiteElo "2442"]
[BlackElo "2255"]
[TimeControl "180+1"]
[EndTime "10:18:49 PDT"]
[Termination "ErikRonka won by checkmate"]

1. d4 d5 2. Bf4 c5 3. e3 cxd4 4. exd4 Nc6 5. c3 f6 6. Nf3 g5 7. Bg3 h5 8. h4 g4 9. Nfd2 Bf5 10. Nb3 e6 11. Bd3 Nh6 12. Nc5 Bxc5 13. dxc5 Ne5 14. Bb5+ Kf7 15. O-O Bxb1 16. Rxb1 Nf5 17. b4 Ng6 18. Bd3 Ngxh4 19. Bxh4 Nxh4 20. Re1 Qd7 21. a4 Rag8 22. Qc2 Qc7 23. g3 Nf3+ 24. Kg2 Nxe1+ 25. Rxe1 h4 26. c4 hxg3 27. fxg3 Rh3 28. Qf2 Rgh8 29. Qe3 Rh2+ 30. Kf1 Rh1+ 31. Ke2 Rxe1+ 32. Kxe1 Qe5 33. Qxe5 fxe5 34. cxd5 exd5 35. Bf5 Rh2 36. Bc8 b6 37. c6 Ke7 38. Bxg4 Kd6 39. b5 Ra2 40. Bd1 e4 41. g4 d4 42. g5 e3 43. g6 Rg2 44.
Bf3 Rxg6 45. Ke2 Rf6 46. Be4 Rf2+ 47. Kd3 Rd2+ 48. Kc4 e2 49. a5 e1=Q 50. axb6 Qc1+ 51. Bc2 Rxc2+ 52. Kxd4 Qd2+ 53. Ke4 Rc4+ 54. Kf5 Qf2+ 55. Kg6 Rg4+ 56. Kh5 Qh4# 0-1

[Event "*** SCC Grand Prix: Titled Tuesday Blitz"]
[Site "Chess.com"]
[Date "2020.09.08"]
[Round "2"]
[White "Slovak_fighter2000"]
[Black "zaur-mammadov"]
[Result "1/2-1/2"]
[WhiteElo "2381"]
[BlackElo "2664"]
[TimeControl "180+1"]
[EndTime "10:18:50 PDT"]
[Termination "Game drawn - insufficient material"]

1. d4 d5 2. Nf3 Nf6 3. Bf4 c5 4. e3 cxd4 5. exd4 Nc6 6. c3 g6 7. Nbd2 Bg7 8. Be2 O-O 9. O-O Nh5 10. Bg5 f6 11. Bh4 Qc7 12. Re1 e5 13. c4 e4 14.
cxd5 exf3 15. Bc4 Kh8 16. dxc6 fxg2 17. Bd5 Nf4 18. Bg3 bxc6 19. Bxg2 Bh6 20. Rc1 Qa5 21. Nc4 Qa6 22. Na3 Nxg2 23. Kxg2 Bxc1 24. Qxc1 c5 25. Qxc5 Bb7+ 26. f3 Rac8 27. Qb4 Qc6 28. Re3 Rfe8 29. Qd2 Rxe3 30. Qxe3 Re8 31. Qf4 Re2+ 32. Bf2 Rxb2 33. d5 Qb6 34. Qh4 Bxd5 35. Kg1 Qc6 36. Qd4 Rxa2 37.
Nb5 Kg7 38. Nc3 Bxf3 39. Nxa2 Qc2 40. Qxa7+ Kg8 41. Qb8+ Kg7 42. Qa7+ Kg8 43. Qb8+ Kf7 44. Qa7+ Ke6 45. Qb6+ Kf5 46. Qc5+ Qxc5 47. Bxc5 g5 48. Bf2 h5 49. Nb4 h4 50. Nc2 Kg4 51. Ne3+ Kh3 52. Nc4 Be4 53. Bd4 f5 54. Bf6 g4 55. Ne3 g3 56. hxg3 hxg3 57. Nxf5 Bxf5 58. Be5 Be4 59. Bxg3 1/2-1/2

[Event "*** SCC Grand Prix: Titled Tuesday Blitz"]
[Site "Chess.com"]
[Date "2020.09.08"]
[Round "2"]
[White "Leonid_Starozhilov"]
[Black "davigator"]
[Result "1-0"]
[WhiteElo "2689"]
[BlackElo "2343"]
[TimeControl "180+1"]
[EndTime "10:18:50 PDT"]
[Termination "Leonid_Starozhilov won by resignation"]

1. e4 c5 2. Nf3 Nc6 3. Bb5 g6 4. O-O Bg7 5. Nc3 Nh6 6. Bxc6 dxc6 7. d3 O-O 8. h3 b6 9. a4 a5 10. Bf4 f5 11. e5 Nf7 12. Re1 Be6 13. Ng5 Nxg5 14.
Bxg5 h6 15. Bc1 g5 16. Qe2 Qd4 17. Qe3 Rad8 18. Bd2 Rd7 19. b3 Rdd8 20. Qf3 Qd7 21. h4 f4 22. hxg5 hxg5 23. Qh5 Rf5 24. Ne4 Bf7 25.
Qg4 Rxe5 26. Qxd7 Rxd7 27. Rad1 Rf5 28. Bc3 Bh5 29. f3 g4 30. Kf2 e5 31. Rh1 Kf7 32.
Ke2 Kg6 33. Rh2 Bf8 34. Rdh1 g3 35. Rxh5 Rxh5 36. Rxh5 Kxh5 37. Nf6+ Kg6 38. Nxd7 Bd6 39. Nxe5+ Kf5 40. Nc4 Bc7 41. Bd2 Ke6 42. Nb2 b5 43.
Nd1 Kd5 44. Nc3+ Kd4 45. axb5 a4 46. bxa4 Ba5 47. bxc6 Ke5 48. Ne4 Bc7 49. Bc3+ Kd5 50. Bd2 Kxc6 51. c4 Be5 52. Ng5 Kd6 53. Nh3 Ke6 54.
Bxf4 Kf5 55. Bxe5 Kxe5 56. Ke3 1-0

[Event "*** SCC Grand Prix: Titled Tuesday Blitz"]
[Site "Chess.com"]
[Date "2020.09.08"]
[Round "2"]
[White "KatarinaOstojic"]
[Black "fighter2jz"]
[Result "0-1"]
[WhiteElo "2334"]
[BlackElo "2707"]
[TimeControl "180+1"]
[EndTime "10:18:51 PDT"]
[Termination "fighter2jz won by checkmate"]

1. e4 c5 2. Nf3 d6 3. Bb5+ Nd7 4. c3 a6 5. Ba4 Nf6 6. Qe2 b5 7. Bc2 Bb7 8. O-O e6 9. Rd1 Be7 10. d4 O-O 11. Nbd2 Rc8 12. Nf1 cxd4 13. cxd4 Rxc2 14. Qxc2 Bxe4 15. Qe2 Qa8 16. Ne1 Rc8 17. Ng3 Bd5 18. Be3 Bc4 19. Qf3 Bd5 20. Qe2 Bd8 21. b3 Ba5 22. Rac1 Re8 23. f3 e5 24. dxe5 Nxe5 25. Nc2 Nxf3+ 26. gxf3 Bxf3 27. Qd3 Bxd1 28. Rxd1 Ng4 29. Nf5 Qf3 30. Rf1 Qh3 31. Qe2 Bb6 32.
Rf3 Qh5 33. Qg2 g6 34. h3 Nxe3 35. Nfxe3 Qe5 36. Qf2 f5 37. Kh1 Qe4 38. Kh2 Rc8 39. Qg3 Rxc2+ 40. Nxc2 Qxc2+ 41. Qg2 Qe4 42. Rg3 Bd4 43.
Qxe4 fxe4 44. Rg4 d5 45. Kg2 Kf7 46. Kf1 Ke6 47. Ke2 Be5 48. Rh4 h5 49. Kf2 Kf5 50.
a3 Bf6 51. Kg3 Bxh4+ 52. Kxh4 Kf4 53. a4 e3 54. a5 e2 55. b4 e1=Q# 0-1

[Event "*** SCC Grand Prix: Titled Tuesday Blitz"]
[Site "Chess.com"]
[Date "2020.09.08"]
[Round "2"]
[White "earling8018"]
[Black "Ole83"]
[Result "1-0"]
[WhiteElo "2034"]
[BlackElo "2353"]
[TimeControl "180+1"]
[EndTime "10:18:51 PDT"]
[Termination "earling8018 won on time"]

1. d4 Nf6 2. c4 e6 3. Nf3 c5 4.
Nc3 d5 5. e3 a6 6. a3 dxc4 7.
Bxc4 b5 8. Bd3 Bb7 9. O-O Nbd7 10. Qe2 cxd4 11. exd4 Be7 12. Bg5 h6 13. Bh4 O-O 14. Rad1 Re8 15. Rfe1 Qb6 16. Ne5 Rad8 17. Bb1 Nxe5 18.
dxe5 Qc6 19. f3 Rxd1 20. Rxd1 Nd7 21. Bxe7 Rxe7 22. Kh1 g6 23. Be4 Qc7 24. Bxb7 Qxb7 25. Ne4 Kg7 26. Nd6 Qc7 27. h4 Qc5 28. f4 Nb6 29. b4 Qc6 30. Qe4 Qxe4 31. Nxe4 Nd5 32. g3 Rc7 33. Nc5 Rc6 34. Kh2 a5 35. Rb1 axb4 36.
axb4 g5 37. hxg5 hxg5 38. fxg5 Kg6 39. Nd3 Rc2+ 40. Kh3 Rc3 41. Nc5 Kxg5 42. Rf1 Kg6 43. Rf6+ 1-0

[Event "*** SCC Grand Prix: Titled Tuesday Blitz"]
[Site "Chess.com"]
[Date "2020.09.08"]
[Round "2"]
[White "ferdipy"]
[Black "Karacsonyi_Gellert"]
[Result "0-1"]
[WhiteElo "2334"]
[BlackElo "2643"]
[TimeControl "180+1"]
[EndTime "10:18:52 PDT"]
[Termination "Karacsonyi_Gellert won on time"]

1. e4 c5 2. d4 cxd4 3. c3 Nf6 4. e5 Nd5 5. cxd4 e6 6. Nf3 d6 7. a3 Nc6 8. Bd3 dxe5 9. dxe5 Be7 10. O-O O-O 11. Qe2 f5 12. exf6 Bxf6 13. Rd1 Qc7 14. Ng5 Bxg5 15. Bxg5 Nf4 16. Bxf4 Qxf4 17. Nc3 Nd4 18. Qe4 Qxf2+ 19. Kh1 Nf5 20.
g4 Bd7 21. Rf1 Qh4 22. Kg1 Nd6 23. Qd4 Qe7 24. Rxf8+ Rxf8 25. Rd1 e5 26. Bxh7+ Kxh7 27. Qxd6 Qxd6 28. Rxd6 Bxg4 29. Ne4 Rf5 30. h4 Kg8 31. Rd8+ Rf8 32. Rxf8+ Kxf8 33. Kf2 Ke7 34. Ke3 b6 35. Ng5 Kf6 36. Ke4 Bf5+ 37. Ke3 Bc2 38. Nf3 Kf5 39.
Ne1 Ba4 40. Nd3 Bc6 41. Nb4 Bb7 42. Nd3 e4 43. Nf2 g6 44. b4 Bc6 45. Nh3 Kg4 46.
Nf4 Be8 47. Kxe4 Kxh4 48. Ng2+ Kg3 49. Nf4 g5 50. Ne6 g4 51. Nc7 Ba4 0-1

[Event "*** SCC Grand Prix: Titled Tuesday Blitz"]
[Site "Chess.com"]
[Date "2020.09.08"]
[Round "2"]
[White "Zhani-Z"]
[Black "kuban1991"]
[Result "0-1"]
[WhiteElo "2499"]
[BlackElo "2746"]
[TimeControl "180+1"]
[EndTime "10:18:56 PDT"]
[Termination "kuban1991 won on time"]

1. e4 e6 2. d4 d5 3. Nd2 c5 4. Ngf3 Nc6 5. exd5 exd5 6. Bb5 Bd6 7. dxc5 Bxc5 8. O-O Ne7 9. Nb3 Bb6 10. Re1 O-O 11. Be3 Bf5 12. c3 Be4 13. Bxb6 Qxb6 14. Bd3 f5 15.
Be2 a5 16. Qd2 a4 17. Nbd4 a3 18. b3 Rac8 19. Rac1 h6 20. Nb5 Bxf3 21. gxf3 Rcd8 22. Bf1 Ng6 23. Re6 Kh7 24. Kh1 Rfe8 25. Rce1 Rxe6 26. Rxe6 Qc5 27. b4 Qf8 28. Bd3 Qf7 29. Re1 Nce5 30. Be2 Rd7 31. Nxa3 Nh4 32. Qf4 Neg6 33. Qd2 Re7 34. Nb5 Qe8 35. Nd4 Kh8 36. Rg1 Qf7 37. Bd3 Qf6 38. Bc2 Ne5 39. Qf4 Neg6 40. Qg3 Re5 41. f4 Re7 42. Nxf5 Nxf5 43. Qxg6 Qxg6 44. Rxg6 Nh4 45. Rg1 Re2 46. Bd3 Rxf2 47. Re1 g6 48. Re2 Rf3 49. Rd2 Re3 50. a4 Re1+ 0-1

[Event "*** SCC Grand Prix: Titled Tuesday Blitz"]
[Site "Chess.com"]
[Date "2020.09.08"]
[Round "2"]
[White "13MiRacLe"]
[Black "snap_man"]
[Result "1-0"]
[WhiteElo "2593"]
[BlackElo "2308"]
[TimeControl "180+1"]
[EndTime "10:18:56 PDT"]
[Termination "13MiRacLe won on time"]

1. e4 c6 2. d4 d5 3. e5 Bf5 4. Nf3 e6 5. Be2 Bb4+ 6. c3 Ba5 7. O-O h6 8. a4 Bc7 9. b4 a5 10. b5 Ne7 11. Ba3 O-O 12. Nbd2 Nd7 13. Nb3 f6 14. exf6 Rxf6 15. Nh4 Bh7 16. Bd3 Bxd3 17. Qxd3 e5 18.
Qh3 e4 19. f3 g5 20. Bxe7 Qxe7 21. Nf5 Qe6 22. fxe4 dxe4 23. Nd2 Bf4 24. Rxf4 gxf4 25. Qg4+ Rg6 26. Qxg6+ Qxg6 27. Ne7+ Kf7 28. Nxg6 Kxg6 29. bxc6 bxc6 30. Nxe4 Kf5 31. Re1 Rb8 32. Nd6+ Kf6 33.
Nc4 Rb3 34. Rc1 c5 35. Nxa5 Ra3 36. Nb7 cxd4 37. cxd4 Rxa4 38. Nc5 Nxc5 39. dxc5 Ra7 40. c6 Rc7 41. Kf2 Ke5 42. Kf3 h5 43. Rc5+ Kd4 44. Rxh5 Rxc6 45. Kxf4 Rf6+ 46. Kg3 Rg6+ 47. Kh3 Ke3 48.
Re5+ Kf4 49. Rh5 Rg7 50. g3+ Kf3 51. Rf5+ Ke4 52. Rf8 1-0

[Event "*** SCC Grand Prix: Titled Tuesday Blitz"]
[Site "Chess.com"]
[Date "2020.09.08"]
[Round "2"]
[White "RestartingChess"]
[Black "NotFischer"]
[Result "1-0"]
[WhiteElo "2436"]
[BlackElo "2213"]
[TimeControl "180+1"]
[EndTime "10:18:56 PDT"]
[Termination "RestartingChess won by resignation"]

1. e4 d5 2. exd5 Nf6 3. d4 Bg4 4. Be2 Bxe2 5. Nxe2 Qxd5 6. O-O Nc6 7. Be3 O-O-O 8. c3 Qh5 9. Ng3 Qxd1 10. Rxd1 e5 11. Na3 Bxa3 12. bxa3 exd4 13. cxd4 Nd5 14. Nf5 g6 15. Nh6 Rhf8 16. Rac1 f5 17. Bg5 Rd7 18.
h4 Nd8 19. Re1 Nf6 20. Rc4 Ne4 21. f3 Nxg5 22. hxg5 c6 23. Kf2 Kc7 24. Re5 Kd6 25. f4 Re7 26. Rxe7 Kxe7 27. d5 Re8 28. dxc6 Nxc6 29.
Rc3 Kf8 30. g4 Re4 31. gxf5 gxf5 32. Kg3 Ne7 33. Rc7 Re3+ 34. Kf2 Rxa3 35. Rxb7 Rxa2+ 36. Ke3 a5 37. Kd4 Re2 38. Kc5 a4 39. Ra7 Re4 40.
Ra8+ Kg7 41. Kd6 Kg6 42. Re8 a3 43. Ra8 Re3 44. Ra6 Kh5 45. Kc5 Re4 46. Rxa3 Rxf4 47. Ra7 Re4 48. Nf7 Kg6 49. Nd6 Re5+ 50. Kc4 Kxg5 51. Nf7+ Kf6 52. Nxe5 Kxe5 53. Rxe7+ Kf6 54.
Rxh7 Kg5 55. Kd3 Kg4 56. Ke2 Kg3 57. Kf1 f4 58. Ra7 Kf3 59. Ra3+ Ke4 60. Kf2 1-0

[Event "*** SCC Grand Prix: Titled Tuesday Blitz"]
[Site "Chess.com"]
[Date "2020.09.08"]
[Round "2"]
[White "GMaka"]
[Black "bascheyaro"]
[Result "0-1"]
[WhiteElo "2370"]
[BlackElo "2740"]
[TimeControl "180+1"]
[EndTime "10:18:57 PDT"]
[Termination "bascheyaro won by resignation"]

1. d4 d5 2. Bf4 Bf5 3. e3 e6 4. Bd3 Bg6 5. Nf3 Nf6 6. O-O Be7 7. c4 O-O 8. Nc3 c6 9. Bxg6 hxg6 10. h3 Nbd7 11. c5 b6 12. b4 a5 13. b5 Qc8 14.
cxb6 Nxb6 15. Ne5 cxb5 16. Nxb5 Nc4 17. Rc1 Qb7 18. Nxc4 Qxb5 19. a4 Qa6 20. Ne5 Rfc8 21. Qb3 Ne4 22. Qb5 Nc3 23. Qxa6 Rxa6 24. Kh2 Bb4 25.
Nd3 Rca8 26. Rc2 Nxa4 27. Rfc1 f6 28. Rc7 g5 29. Bg3 R6a7 30. R7c6 Kf7 31. Rc7+ Rxc7 32. Rxc7+ Kg6 33. Nxb4 axb4 34. Rb7 Nc3 35. Rxb4 Ra6 36. Rb7 Rc6 37. Rd7 Ne4 38. f3 Nd2 39. Bc7 Nf1+ 40. Kg1 Nxe3 41. g4 Nc2 42. Bd6 Nxd4 43. Bf8 Rc1+ 44.
Kf2 f5 45. Rxg7+ Kf6 46. Rh7 e5 47. Rh6+ Kf7 48. Bd6 f4 49. Bxe5 Rc2+ 50. Kf1 Nxf3 51. Rh7+ Ke6 52. Bg7 d4 53. Rh6+ Kd5 54. Bxd4 Kxd4 55.
Rg6 Ke3 56. Re6+ Kd3 57. Rg6 Ke4 58. Re6+ Ne5 59. Rg6 f3 60. Rf6 Nd3 61. Re6+ Kf4 62. Rc6 Rxc6 0-1

[Event "*** SCC Grand Prix: Titled Tuesday Blitz"]
[Site "Chess.com"]
[Date "2020.09.08"]
[Round "2"]
[White "Tekushka"]
[Black "Ashedu66"]
[Result "1-0"]
[WhiteElo "2414"]
[BlackElo "2174"]
[TimeControl "180+1"]
[EndTime "10:18:57 PDT"]
[Termination "Tekushka won by resignation"]

1. e4 e5 2. Nf3 Nc6 3. Bc4 Bc5 4. c3 Qe7 5. O-O Nf6 6. d4 Bb6 7. Re1 d6 8. h3 O-O 9. Bg5 Nd8 10. Bb3 Ne6 11.
Bh4 Nf4 12. Bc2 Ng6 13. Bg3 Rd8 14. Nbd2 Nh5 15. Nxe5 dxe5 16. Qxh5 exd4 17. Nc4 dxc3 18. bxc3 Be6 19. Nxb6 axb6 20. a4 Ra5 21. Qe2 Rc5 22. Qe3 f6 23. f4 Bf7 24. e5 fxe5 25. f5 Nf8 26. Bxe5 Nd7 27. Bd4 Qxe3+ 28. Rxe3 Rc6 29.
Rg3 Nf6 30. Bd1 Kf8 31. Be2 Bd5 32. Bb5 Kf7 33. Bxc6 Bxc6 34. a5 bxa5 35. Rxa5 Rd7 36. Re5 b6 37. Re1 Ne8 38. Rge3 Nf6 39. g4 h6 40. Kh2 Bd5 41. Kg3 c5 42. Bxf6 Kxf6 43. h4 Bc4 44. Re4 Bd3 45. Re6+ Kf7 46. Rxb6 c4 47.
Kf4 Bc2 48. Re2 Bd1 49. Re1 Bc2 50. g5 hxg5+ 51. hxg5 Kg8 52. g6 Rd8 53. Rbe6 Rf8 54. Re8 Bd3 55. Rxf8+ Kxf8 56. Kg5 1-0

[Event "*** SCC Grand Prix: Titled Tuesday Blitz"]
[Site "Chess.com"]
[Date "2020.09.08"]
[Round "2"]
[White "mishanick"]
[Black "Iskusnyh"]
[Result "1-0"]
[WhiteElo "3004"]
[BlackElo "2598"]
[TimeControl "180+1"]
[EndTime "10:18:58 PDT"]
[Termination "mishanick won on time"]

1. d4 d5 2. c4 c6 3. Nf3 Nf6 4. Nc3 a6 5. c5 Bf5 6. Qb3 Qc8 7. Bf4 Nbd7 8. h3 e6 9. e3 Be7 10. Be2 Bd8 11. Qa3 Bc7 12. Bd6 Bxd6 13. cxd6 O-O 14. Ne5 Nxe5 15. dxe5 Nd7 16. f4 f6 17. g4 Bg6 18. f5 Bf7 19. exf6 Nxf6 20. Rf1 exf5 21. gxf5 Qe8 22. Na4 Qe5 23. Nc5 Qxd6 24. Qc3 Qg3+ 25.
Kd1 Rfe8 26. Kd2 Qd6 27. Bd3 Re5 28. Rg1 Rae8 29. Rg3 Ne4+ 30. Bxe4 dxe4+ 31. Ke1 Qxc5 32. Qd2 Rd5 33. Qg2 Qf8 34. Rg5 Red8 35. Kf1 Rd1+ 36. Rxd1 Rxd1+ 37. Ke2 Rb1 38. Qg3 Rxb2+ 39. Kf1 Bc4+ 40.
Kg1 Rb1+ 41. Kh2 Rb2+ 42. Kg1 Rd2 43. Qe5 Rd1+ 44. Kh2 Rd2+ 45. Kg1 Rd7 46. f6 g6 47. h4 Bf7 48. h5 Rd5 49. Qf4 Rxg5+ 50. Qxg5 Qd6 51.
Kg2 c5 52. h6 c4 53. Qg4 Qe6 54. Qf4 1-0

[Event "*** SCC Grand Prix: Titled Tuesday Blitz"]
[Site "Chess.com"]
[Date "2020.09.08"]
[Round "2"]
[White "GM_dmitrij"]
[Black "el-roedor"]
[Result "1-0"]
[WhiteElo "2922"]
[BlackElo "2570"]
[TimeControl "180+1"]
[EndTime "10:18:59 PDT"]
[Termination "GM_dmitrij won on time"]

1. e4 c5 2. Nf3 Nc6 3. Bb5 e6 4. O-O Nge7 5. Re1 Nd4 6. Nxd4 cxd4 7. c3 a6 8. Bf1 Nc6 9. b4 Be7 10. a4 O-O 11. Na3 dxc3 12. dxc3 Bf6 13. Bb2 d5 14. exd5 exd5 15. Qd2 Be6 16. Nc2 Rc8 17. Rad1 Qb6 18. a5 Qc7 19. Nd4 Nxd4 20. cxd4 Qc2 21. Bd3 Qxd2 22.
Rxd2 Rc7 23. Rc2 Rfc8 24. Rxc7 Rxc7 25. g3 g6 26. f4 h5 27. Bxg6 fxg6 28. Rxe6 Kf7 29.
Re2 Rc4 30. Kf2 Rxb4 31. Ke1 Rc4 32. Rd2 Ra4 33. Rc2 Ra2 34. Kd2 Rxa5 35. Rc7+ Ke6 36. Rxb7 Rb5 37. Rxb5 axb5 38. Ke3 Be7 39. h3 Bb4 40. g4 hxg4 41. hxg4 Be1 42. Kd3 Bg3 43. Bc1 Bh2 44. Be3 Bg3 45. Kc3 Be1+ 46. Bd2 Bf2 47.
Kd3 Bg1 48. Be3 Bh2 49. Kc3 Bg3 50. Kb4 Kd6 51. Kxb5 Ke6 52. Kc6 Bh2 53. Kc7 Bg3 54.
Kd8 Bh4+ 55. Ke8 Bf6 56. Kf8 Be7+ 57. Kg7 g5 58. f5+ Kd7 59. f6 1-0

[Event "*** SCC Grand Prix: Titled Tuesday Blitz"]
[Site "Chess.com"]
[Date "2020.09.08"]
[Round "2"]
[White "omer1997"]
[Black "Reader777"]
[Result "1/2-1/2"]
[WhiteElo "2381"]
[BlackElo "2660"]
[TimeControl "180+1"]
[EndTime "10:18:59 PDT"]
[Termination "Game drawn - insufficient material"]

1. e4 c5 2. Nf3 d6 3. c3 Nf6 4. Bd3 g6 5. O-O Bg7 6. Bc2 Bg4 7. h3 Bxf3 8. Qxf3 Nc6 9. d3 O-O 10. Qe2 b5 11. Nd2 b4 12. Nc4 Nd7 13. Bd2 bxc3 14. bxc3 Rb8 15. Rab1 Nb6 16. Bb3 Nxc4 17. Bxc4 Na5 18.
Bb3 Qc7 19. Bc2 Nc6 20. Rb3 Rxb3 21. axb3 Rb8 22. Qd1 h5 23. Qa1 Qa5 24. Qxa5 Nxa5 25. Ra1 Nc6 26. Ra6 Rb6 27. Rxb6 axb6 28. f4 e6 29. Kf2 b5 30. Bd1 Kf8 31. g4 hxg4 32.
hxg4 b4 33. cxb4 cxb4 34. Be3 Bd4 35. g5 Ke7 36. Bg4 Bxe3+ 37. Kxe3 e5 38. f5 gxf5 39. exf5 Nd4 40. f6+ Ke8 41. Bd1 Ne6 42. Ke4 Nxg5+ 43. Kd5 Kd7 44. Bg4+ Kc7 45. Kc4 Nh7 46. Bh5 Nxf6 47.
Bxf7 Kc6 48. Kxb4 d5 49. Be6 Ne8 50. Bf5 Nd6 51. Bg6 Nc8 52. Kc3 Na7 53. Be8+ Kc5 54. d4+ exd4+ 55. Kd3 Nc8 56. b4+ Kxb4 57. Kxd4 Nb6 58.
Bf7 Kb3 59. Bxd5+ 1/2-1/2

[Event "*** SCC Grand Prix: Titled Tuesday Blitz"]
[Site "Chess.com"]
[Date "2020.09.08"]
[Round "2"]
[White "AntonovaNadezhda"]
[Black "mapleaff"]
[Result "0-1"]
[WhiteElo "2048"]
[BlackElo "2376"]
[TimeControl "180+1"]
[EndTime "10:19:00 PDT"]
[Termination "mapleaff won by checkmate"]

1. d4 Nf6 2. Nf3 g6 3. Nbd2 Bg7 4.
e4 d6 5. Bd3 O-O 6. O-O Nc6 7.
Re1 e5 8. c3 Nd7 9. dxe5 Ndxe5 10. Nxe5 Nxe5 11. Bc2 Be6 12. Qe2 Rb8 13. a4 a5 14. Bb3 Bxb3 15. Nxb3 b6 16. Nd4 Qd7 17. f3 h5 18. Be3 Rbe8 19. Qd2 Nc4 20. Qc2 Nxe3 21.
Rxe3 d5 22. Nb3 dxe4 23. Rxe4 Rxe4 24. Qxe4 Re8 25. Qc4 Bf6 26. Nd4 h4 27. Rd1 h3 28.
Qf1 hxg2 29. Kxg2 Qxa4 30. Qd3 c5 31. Ne2 Rd8 32. Qxd8+ Bxd8 33. Rxd8+ Kg7 34. Rd2 Qc4 35. Ng3 f5 36. h3 Kh6 37. Ne2 b5 38. Kg3 b4 39. cxb4 cxb4 40. Nf4 Qc7 41. h4 g5 42.
hxg5+ Kxg5 43. Rd4 b3 44. Ra4 Qe5 45. Rc4 Qxb2 46.
Nh3+ Kf6 47. Rc6+ Ke7 48. Nf4 Qe5 49. Rc4 b2 50. Kh4 Qxf4+ 51. Rxf4 b1=Q 52. Rxf5 Qxf5 53. f4 Qxf4+ 54. Kh5 Qg3 55. Kh6 a4 56. Kh5 Kf6 57. Kh6 Qg6# 0-1

[Event "*** SCC Grand Prix: Titled Tuesday Blitz"]
[Site "Chess.com"]
[Date "2020.09.08"]
[Round "2"]
[White "IANOV0007"]
[Black "GMJustin"]
[Result "0-1"]
[WhiteElo "2415"]
[BlackElo "2223"]
[TimeControl "180+1"]
[EndTime "10:19:02 PDT"]
[Termination "GMJustin won by resignation"]

1. Nf3 f5 2. g3 Nf6 3. Bg2 g6 4. c4 Bg7 5. Nc3 O-O 6. d3 d6 7. Rb1 c6 8. b4 a5 9. b5 Nfd7 10.
Bb2 Nc5 11. O-O e5 12. Na4 Nbd7 13. bxc6 bxc6 14. Nd2 Qc7 15. Ba3 Bb7 16. Nxc5 Nxc5 17. Bxc5 dxc5 18. Qb3 Rfb8 19. Qb6 Qd6 20. Nb3 Bf8 21.
Nd2 e4 22. Qb3 Bc8 23. Qc2 exd3 24. exd3 Bg7 25. Nf3 Bd7 26. h4 h6 27. Rfe1 Rb4 28. a3 Rxb1 29. Rxb1 Rb8 30. Rxb8+ Qxb8 31. h5 g5 32. Nd2 Qb2 33. Qxb2 Bxb2 34. a4 Kf7 35. Nb3 Bc3 36. Nxc5 Be8 37. Kf1 Ke7 38. Bf3 Kd6 39. Nb3 c5 40. g4 Bxa4 41. Nc1 fxg4 42. Bxg4 Bc2 43. Ke2 a4 44. Na2 Ba5 45. Bf5 a3 46. Ke3 Bb3 47. Nc1 Ba4 48. d4 Bc3 49. d5 Bb2 50. Na2 Bb3 51. Bb1 Bxc4 52. Kd2 Bxd5 53. Nc3 Bxc3+ 54. Kxc3 a2 55. Bxa2 Bxa2 56. Kd3 Bf7 57.
Ke4 Bxh5 58. Kf5 Be2 59. Ke4 g4 60. Ke3 Bf3 61. Kf4 h5 62. Kg3 c4 0-1

[Event "*** SCC Grand Prix: Titled Tuesday Blitz"]
[Site "Chess.com"]
[Date "2020.09.08"]
[Round "2"]
[White "gumimis"]
[Black "Bastiandash"]
[Result "1-0"]
[WhiteElo "2213"]
[BlackElo "2410"]
[TimeControl "180+1"]
[EndTime "10:19:02 PDT"]
[Termination "gumimis won by checkmate"]

1. e4 c5 2. Nf3 e6 3. d4 cxd4 4. Nxd4 a6 5. Nc3 b5 6. Bd3 Qb6 7. Be3 Bc5 8. Nce2 Nc6 9. c3 b4 10. O-O Nf6 11. h3 Bb7 12. a3 a5 13. axb4 axb4 14.
Rxa8+ Bxa8 15. Qa4 O-O 16. Nxc6 Bxc6 17. Bxc5 Qxc5 18.
Qxb4 Qxb4 19. cxb4 Rb8 20. Nd4 Bxe4 21. Bxe4 Nxe4 22. Ra1 g5 23. b5 Nd6 24. Ra5 e5 25. Nf3 f6 26. Ra6 Ne4 27. Nh2 Kg7 28. f3 Nc5 29. Rd6 Rxb5 30. Ng4 Rxb2 31. Nxf6 Kf7 32. Nxh7 Ke7 33. Rd5 Ne6 34. Rxe5 Kd6 35. Rf5 Nf4 36. Rxg5 Nxg2 37. Rxg2 Rb1+ 38. Kh2 Ke5 39. Ng5 d5 40. Kg3 Rb4 41. Re2+ Kf5 42. h4 d4 43. Ne4 d3 44.
Rd2 Rd4 45. Nf2 Kg6 46. Rxd3 Ra4 47. f4 Kh5 48. Rd5+ Kg6 49. Kg4 Ra6 50. Ne4 Ra8 51.
h5+ Kh7 52. Ng5+ Kh6 53. Rd6+ Kg7 54. h6+ Kh8 55. Kh5 Rg8 56. Rd7 Re8 57. Rh7+ Kg8 58. Rg7+ Kh8 59. Nf7# 1-0

[Event "*** SCC Grand Prix: Titled Tuesday Blitz"]
[Site "Chess.com"]
[Date "2020.09.08"]
[Round "2"]
[White "Nara_Kh"]
[Black "MikeSailer"]
[Result "1-0"]
[WhiteElo "2400"]
[BlackElo "2123"]
[TimeControl "180+1"]
[EndTime "10:19:02 PDT"]
[Termination "Nara_Kh won on time"]

1. e4 d5 2. exd5 Qxd5 3. Nc3 Qd6 4. d4 Nf6 5. Nf3 Bg4 6. Bc4 e6 7. O-O c6 8. Be3 Be7 9. h3 Bh5 10. a4 a5 11. Be2 Nbd7 12. Nd2 Bxe2 13. Qxe2 Nb6 14. Nf3 O-O 15. Ne5 Nbd5 16. Rfd1 Nxe3 17. Qxe3 Nd5 18. Qg3 Nxc3 19. Qxc3 Qb4 20. Qxb4 axb4 21. a5 Rfd8 22. a6 Rxa6 23. Rxa6 bxa6 24. Nxc6 Rd7 25. d5 Kf8 26. Ra1 Rxd5 27. Rxa6 Rd1+ 28. Kh2 Bd6+ 29. g3 f5 30. Ra7 Rd2 31. Kg2 Rxc2 32.
Nd8 Rxf2+ 33. Kxf2 Bc5+ 34. Kf3 Bxa7 35. Nxe6+ Kf7 36.
Ng5+ Kg6 37. Ne6 Kf6 38. Nc7 b3 39. Nd5+ Ke5 40. Ne7 Bd4 41. Nc6+ Kd5 42. Ne7+ Ke6 43. Nc6 Bxb2 44. Ke2 Be5 45. Kd1 b2 46. Kc2 g5 47.
Nd8+ Kd5 48. Nf7 f4 49. Nxg5 fxg3 50. Nf3 g2 51. Ng1 Bd4 52. h4 1-0

[Event "*** SCC Grand Prix: Titled Tuesday Blitz"]
[Site "Chess.com"]
[Date "2020.09.08"]
[Round "2"]
[White "kngopal"]
[Black "ljuks68"]
[Result "1-0"]
[WhiteElo "2239"]
[BlackElo "2424"]
[TimeControl "180+1"]
[EndTime "10:19:03 PDT"]
[Termination "kngopal won on time"]

1. e4 e6 2. d4 d5 3. e5 c5 4. c3 Nc6 5. Nf3 Qb6 6. Bd3 cxd4 7. cxd4 Bd7 8. O-O Nxd4 9. Nxd4 Qxd4 10. Nc3 a6 11.
Be3 Qxe5 12. Re1 Qd6 13. Qf3 Nf6 14. Bf4 Qb6 15. Nxd5 Nxd5 16. Qxd5 Be7 17. Qh5 Qd4 18.
Be4 Bc6 19. Bxc6+ bxc6 20. Be5 Qd5 21. Qg4 Bf6 22. Rad1 Qb5 23. Bxf6 gxf6 24. Rxe6+ Kf8 25. Rxf6 Rg8 26. Qf3 Rg7 27. Qxc6 Qxc6 28. Rxc6 Rg6 29. Rxg6 hxg6 30. Rd2 Rc8 31. f3 Kg7 32. Kf2 a5 33. b3 Rc5 34. g4 g5 35. Kg3 f6 36. h4 gxh4+ 37. Kxh4 Kg6 38. Kg3 Re5 39. Rd4 Rc5 40. b4 axb4 41. Rxb4 Ra5 42. a4 Kf7 43. f4 Ke6 44. Kh4 Kf7 45. g5 fxg5+ 46. fxg5 Kg6 47. Rc4 Rd5 48. Rc6+ Kg7 49. Kh5 Ra5 50.
Rc7+ Kg8 51. Kh6 Rxa4 52. Rc8+ Kf7 53. g6+ Ke7 54. Kg7 1-0

[Event "*** SCC Grand Prix: Titled Tuesday Blitz"]
[Site "Chess.com"]
[Date "2020.09.08"]
[Round "2"]
[White "Ermito2020"]
[Black "poppy73"]
[Result "1-0"]
[WhiteElo "2629"]
[BlackElo "2256"]
[TimeControl "180+1"]
[EndTime "10:19:04 PDT"]
[Termination "Ermito2020 won on time"]

1. e4 c5 2. Nf3 d6 3. d4 cxd4 4. Nxd4 Nf6 5. Nc3 a6 6. Nb3 Nbd7 7. g4 g6 8. g5 Nh5 9. Be2 Ng7 10. Be3 e5 11. Nd5 Ne6 12. h4 h5 13. gxh6 Bxh6 14. Qd2 Bxe3 15. Qxe3 Nf6 16. O-O-O Nxd5 17. Rxd5 Nf4 18.
Rd2 Rxh4 19. Rhd1 Rh3 20. f3 Rh2 21. Kb1 Qe7 22. Bb5+ axb5 23. Rxh2 Bh3 24. Qb6 Rd8 25.
Rdh1 Qd7 26. Nc1 Ke7 27. Ne2 Nxe2 28. Rxe2 Be6 29. Rd2 Qc6 30. Qxc6 bxc6 31. b3 d5 32.
Kb2 d4 33. a4 bxa4 34. bxa4 Ra8 35. Ra1 c5 36. a5 Ra6 37. c3 Kd6 38. Kc1 Bc4 39. Rb2 Kc7 40. cxd4 exd4 41. Rc2 Bd3 42. Rxc5+ Kb7 43. Rd5 Be2 44. Rxd4 Bxf3 45. Rd7+ Kc6 46. Rxf7 Bxe4 47. Rf6+ Kb7 48. Rf7+ Kc6 49. Kd2 Bf5 50.
Rf6+ Kb7 51. Rf7+ Ka8 52. Rh1 Rd6+ 53. Ke3 Rd8 54. Rhh7 Re8+ 55. Kf4 1-0